 Dungeon Crawl Stone Soup version 0.24-a0-201-gf205589 (webtiles) character file.

Game seed: 11773082626601127063

1553 nikopol the Thaumaturge (level 8, -7/40 (41) HPs)
             Began as a Deep Elf Fire Elementalist on Mar 20, 2019.
             Was an Initiate of Vehumet.
             Killed from afar by an electric eel (11 damage)
             ... with a bolt of electricity
             ... on level 8 of the Dungeon.
             The game lasted 00:17:03 (6899 turns).

nikopol the Thaumaturge (DEFE)                      Turns: 6899, Time: 00:17:04

HP:   -7/40 (41)    AC:  3    Str:  5    XL:     8   Next: 57%
MP:   18/23         EV: 14    Int: 23    God:    Vehumet [......]
Gold: 369           SH:  0    Dex: 15    Spells: 10/25 levels left

rFire    . . .     SeeInvis .   A - staff of energy
rCold    + . .     Gourm    .   (no shield)
rNeg     . . .     Faith    .   a - +0 robe
rPois    .         Spirit   .   n - +0 helmet
rElec    .         Reflect  .   (no cloak)
rCorr    .         Harm     .   (no gloves)
MR       +....                  (no boots)
Stlth    +++.......             (no amulet)
HPRegen  0.13/turn              r - ring of protection from magic
MPRegen  0.18/turn              D - ring of protection from cold

@: no status effects
A: no striking features
a: Renounce Religion


You were on level 8 of the Dungeon.
You worshipped Vehumet.
Vehumet was noncommittal.
You were very hungry.

You visited 2 branches of the dungeon, and saw 9 of its levels.

You collected 369 gold pieces.

Inventory:

Hand Weapons
 v - a +0 dagger
Armour
 a - a +0 robe (worn)
 n - a +0 helmet (worn)
Magical Staves
 A - an uncursed staff of energy (weapon)
Jewellery
 r - a ring of protection from magic (left hand)
 D - a ring of protection from cold (right hand)
Wands
 p - a wand of iceblast (9)
 q - a wand of flame (6)
 w - a wand of acid (7)
Scrolls
 b - 6 scrolls of remove curse
 d - 3 scrolls of noise {unknown}
 f - 4 scrolls of teleportation {unknown}
 g - 3 scrolls of blinking {unknown}
 h - 2 scrolls of enchant armour {unknown}
 j - a scroll of random uselessness {unknown}
 m - 5 scrolls of identify {unknown}
 o - a scroll of immolation {unknown}
 s - 3 scrolls of amnesia {unknown}
 y - a scroll of magic mapping {unknown}
 E - a scroll of enchant weapon {unknown}
Potions
 e - 4 potions of agility {unknown}
 i - 2 potions of flight {unknown}
 k - a potion of ambrosia {unknown}
 l - 3 potions of degeneration {unknown}
 t - a potion of lignification {unknown}
 x - 2 potions of magic {unknown}
 z - a potion of resistance {unknown}
 B - a potion of brilliance {unknown}
 C - a potion of mutation {unknown}
 G - a potion of heal wounds {unknown}
Comestibles
 c - 14 rations


   Skills:
 + Level 0.2 Fighting
 + Level 3.5 Dodging
 + Level 4.0 Stealth
 + Level 9.1 Spellcasting
 + Level 5.6 Conjurations
 + Level 7.3 Fire Magic


You had 10 spell levels left.
You knew the following spells:

 Your Spells              Type           Power        Failure   Level  Hunger
a - Flame Tongue          Conj/Fire      #####        1%          1    None
b - Throw Flame           Conj/Fire      #####.       1%          2    None
c - Conjure Flame         Conj/Fire      #####...     1%          3    None
d - Sticky Flame          Conj/Fire      #####...     4%          4    None
e - Fireball              Conj/Fire      #####.....   12%         5    None

Your spell library contained the following spells:

 Spells                   Type           Power        Failure   Level  Hunger
 Inner Flame              Hex/Fire       ####....     4%          3    None


Dungeon Overview and Level Annotations

Branches:
Dungeon (8/15)             Temple (1/1) D:6
   Lair: D:8-11

Altars:
Ashenzari
Cheibriados
Dithmenos
Elyvilon
Fedhas
Gozag
Hepliaklqana
Kikubaaqudgha
Makhleb
Nemelex Xobeh
Okawaru
Qazlal
Sif Muna
Trog
Uskayaw
Vehumet
Xom
Yredelemnul
Zin
The Shining One

Annotations:
D:4 2 transporters, Menkaure


Message History

Casting: Flame Tongue (safe; 1% risk of failure)
Confirm with . or Enter, or press ? or * to list all spells.
Aiming: Sticky Flame (safe; 4% risk of failure)
Press: ? - help, Shift-Dir - straight line, f/p - worker ant zombie
Aim: a worker ant zombie (moderately damaged)
The sticky flame hits the worker ant zombie.
The worker ant zombie is moderately damaged.
The worker ant zombie is covered in liquid flames!
The worker ant zombie burns!
The worker ant zombie barely misses you.
The electric eel shoots out a bolt of lightning at you!
The bolt of electricity hits you!
* * * LOW HITPOINT WARNING * * *
You hear an angry hiss.
The howler monkey howls!
You hear a shout!
The worker ant zombie burns!
The howler monkey hits the plant.
The electric eel shoots out a bolt of lightning at you!
The bolt of electricity misses the electric eel.
The bolt of electricity hits you!
You die...

## .## ... ...
..# #... #..
##.###...≈
##.##.......≈≈
#..........;≈≈
##...<.....♣
#...>..Z...♣h≈
#.....@....PP≈
#..........♣≈≈
...........$.♣
...≈.........≈≈
..♣≈≈...##...♣≈
#♣≈≈≈♣≈;# ..≈≈≈
≈≈≈≈P≈S♣; ≈♣≈≈
♣P≈≈≈≈≈ ♣ ♣♣≈≈


You could see a howler monkey, 3 electric eels, an adder and a worker ant zombie
(burning).

Vanquished Creatures
  An ice beast (D:6)
  2 sky beasts
  A necrophage (D:5)
  2 ogres
  3 bullfrogs
  A wyvern zombie (D:7)
  A scorpion (D:4)
  A howler monkey (D:6)
  An orc priest (D:4)
  5 hounds
  3 iguanas
  Ijyb (D:3)
  4 worker ants
  2 orc wizards
  A hound skeleton (D:5)
  Robin (D:2)
  8 adders
  An ooze (D:6)
  3 adder zombies
  7 worms
  2 dart slugs
  A leopard gecko (D:7)
  8 orcs
  3 giant cockroaches
  15 goblins
  7 hobgoblins
  17 jackals
  5 kobolds
  A quokka (D:3)
  9 bats
  7 frilled lizards
  A jackal skeleton (D:4)
  A leopard gecko zombie (D:5)
  6 rats
132 creatures vanquished.

Vanquished Creatures (others)
  4 toadstools (D:1)
4 creatures vanquished.

Grand Total: 136 creatures vanquished

Notes
Turn   | Place    | Note
-------+----------+-------------------------------------------
     0 | D:1      | nikopol the Deep Elf Fire Elementalist began the quest for
                  | the Orb.
     0 | D:1      | Reached XP level 1. HP: 10/10 MP: 6/6
   280 | D:1      | Reached XP level 2. HP: 8/15 MP: 0/8
   622 | D:1      | Reached XP level 3. HP: 19/19 MP: 8/10
  1480 | D:2      | Found a stormy altar of Qazlal.
  1507 | D:2      | Reached XP level 4. HP: 24/24 MP: 9/11
  1516 | D:2      | Reached skill level 4 in Spellcasting
  1868 | D:3      | Noticed Robin
  1888 | D:2      | Killed Robin
  2085 | D:3      | Noticed Ijyb
  2095 | D:2      | Learned a level 2 spell: Throw Flame
  2099 | D:2      | Learned a level 3 spell: Conjure Flame
  2104 | D:2      | Learned a level 4 spell: Sticky Flame
  2148 | D:3      | Killed Ijyb
  2148 | D:3      | Reached skill level 5 in Spellcasting
  2311 | D:3      | Reached XP level 5. HP: 26/28 MP: 9/14
  2418 | D:3      | Found a hazy altar of Hepliaklqana.
  2595 | D:3      | Found a sparkling altar of Nemelex Xobeh.
  2868 | D:4      | Noticed an ogre
  2876 | D:4      | Killed an ogre
  2876 | D:4      | Reached skill level 5 in Fire Magic
  2876 | D:4      | Reached XP level 6. HP: 32/32 MP: 2/16
  2883 | D:4      | Learned a level 5 spell: Fireball
  3164 | D:4      | Found a glowing golden altar of the Shining One.
  3164 | D:4      | Found a hide-covered altar of Uskayaw.
  3227 | D:4      | Reached skill level 6 in Spellcasting
  3253 | D:4      | Noticed Menkaure
  3254 | D:4      | Found a basalt altar of Yredelemnul.
  3259 | D:4      | Found an ancient bone altar of Kikubaaqudgha.
  3259 | D:4      | Found a transporter.
  3279 | D:4      | Found a transporter.
  3789 | D:5      | Entered Level 5 of the Dungeon
  3809 | D:5      | Reached XP level 7. HP: 35/36 MP: 9/18
  3965 | D:5      | Reached skill level 7 in Spellcasting
  4397 | D:5      | Found the +2 Maxwell's thermic engine {flame, freeze}
  4575 | D:5      | Found a snail-covered altar of Cheibriados.
  4674 | D:6      | Found a white marble altar of Elyvilon.
  4688 | D:6      | Found a staircase to the Ecumenical Temple.
  4711 | Temple   | Entered the Ecumenical Temple
  4752 | Temple   | Became a worshipper of Vehumet
  4975 | D:6      | Reached XP level 8. HP: 12/40 MP: 0/21
  5230 | D:6      | Reached skill level 8 in Spellcasting
  5821 | D:7      | Found a burning altar of Makhleb.
  5853 | D:7      | Reached skill level 5 in Conjurations
  6259 | D:7      | Reached skill level 9 in Spellcasting
  6814 | D:7      | Found a deep blue altar of Sif Muna.
  6899 | D:8      | Killed from afar by an electric eel

Levels and vault maps discovered:
D:1:      ldierk_walled_garden_2, layout_basic, minivault_11, minmay_lizard_pond
D:2:      layout_loops_ring, grunt_qazlal_clouds, minmay_stone_trees_small,
          minmay_cupped
D:3:      layout_loops_ring, nicolae_overflow_crystal_walls,
          lemuel_doored_altar, first_ration, uniq_ijyb, uniq_robin
D:4:      layout_loops_cross, gammafunk_temple_of_torment,
          gammafunk_temple_overflow_pools, uniq_menkaure
D:5:      minmay_spotlight, layout_rooms, slow_altar_2
D:6:      layout_loops_ring, lemuel_round_altar, minmay_temple_entry_crystal_x
D:7:      layout_gridville, lemuel_round_altar, lemuel_blue_sif_altar
D:8:      layout_cave_pools, old_standard_altar, lair_entry_dummy, the_bakery,
          serial_bayou_lagoon_b, uniq_gastronok, uniq_maurice
Temple:   jpeg_temple_island

Skill      XL: |  1  2  3  4  5  6  7  8 |
---------------+-------------------------+-----
Fire Magic     | 4 5 6 7 |  7.3
Conjurations   | 2 3 4 5 |  5.6
Spellcasting   | 5 6 7 9 |  9.1
Dodging        | 3 |  3.5
Stealth        | 3 4 |  4.0
Fighting       | |  0.2

Action                   |  1- 3 |  4- 6 |  7- 9 || total
-------------------------+-------+-------+-------++-------
Melee: Staff             |       |       |     2 ||     2
 Cast: Flame Tongue      |    74 |   125 |    94 ||   293
       Conjure Flame     |       |     1 |     2 ||     3
       Sticky Flame      |       |     1 |    13 ||    14
       Throw Flame       |       |       |     9 ||     9
       Fireball          |       |       |     1 ||     1
  Use: Scroll            |       |     1 |       ||     1
  Eat: Chunk             |     2 |     6 |     6 ||    14
       Ration            |       |       |     1 ||     1
Armor: Robe              |     6 |     8 |     5 ||    19
Dodge: Dodged            |    27 |    34 |    23 ||    84

Table legend:
 A = Non-vault XP
 B = Vault XP
 C = Vault XP percentage of total XP
 D = Non-vault monster count
 E = Vault monster count
 F = Vault count percentage of total count
                 A         B        C        D         E       F
            +---------+---------+-------+---------+---------+-------
      Total |    1743 |     476 |  21.5 |     109 |      23 |  17.4
            +---------+---------+-------+---------+---------+-------
        D:1 |      53 |       3 |   5.4 |      23 |       3 |  11.5
        D:2 |      52 |      27 |  34.2 |      16 |       4 |  20.0
        D:3 |      67 |      54 |  44.6 |      21 |      10 |  32.3
        D:4 |     466 |       0 |   0.0 |      16 |       0 |   0.0
        D:5 |     195 |     392 |  66.8 |      12 |       6 |  33.3
        D:6 |     289 |       0 |   0.0 |       7 |       0 |   0.0
        D:7 |     621 |       0 |   0.0 |      14 |       0 |   0.0
            +---------+---------+-------+---------+---------+-------
